 Dungeon Crawl Stone Soup version 0.28.0-53-g5a82cb258f (webtiles) character file.

Game seed: 12262646162255242340

6443 cbfl8 the Cleaver (level 10, -23/136 HPs)
             Began as a Minotaur Berserker on July 22, 2022.
             Was a Priest of Trog.
             Annihilated by a boulder beetle (53 damage)
             ... on level 9 of the Dungeon.
             The game lasted 00:10:53 (10109 turns).

cbfl8 the Cleaver (Minotaur Berserker)             Turns: 10109, Time: 00:10:53

Health: -23/136    AC: 16    Str: 23    XL:     10   Next: 67%
Magic:  18/18      EV: 11    Int:  4    God:    Trog [***...]
Gold:   629        SH:  0    Dex: 13    Spells: 9/9 levels left

rFire   . . .      SeeInvis .   t - +0 battleaxe
rCold   . . .      Faith    .   (shield currently unavailable)
rNeg    . . .      Spirit   .   f - +0 chain mail
rPois   .          Reflect  .   (helmet restricted)
rElec   .          Harm     .   (no cloak)
rCorr   .          Rampage  .   s - +0 pair of gloves
Will    .....                   (no boots)
Stlth   ..........              q - amulet of regeneration
HPRegen 1.12/turn               m - +4 ring of protection
MPRegen 0.16/turn               g - ring of magical power

@: berserking (expiring), very quick
A: horns 2, retaliatory headbutt
a: Renounce Religion, Berserk, Trog's Hand


You were on level 9 of the Dungeon.
You worshipped Trog.
Trog was most pleased with you.
You visited 1 branch of the dungeon, and saw 9 of its levels.

You collected 629 gold pieces.

Inventory:

Hand Weapons
 o - a +0 war axe
 t - a +0 battleaxe (weapon)
Missiles
 C - 3 throwing nets (quivered)
Armour
 f - a +0 chain mail (worn)
 s - a +0 pair of gloves (worn)
Jewellery
 g - a ring of magical power (right hand)
 m - a +4 ring of protection (left hand)
 q - an amulet of regeneration (around neck)
Wands
 r - a wand of acid (14)
 w - a wand of digging (3)
 x - a wand of polymorph (23)
 A - a wand of iceblast (17)
Scrolls
 a - a scroll of amnesia {unknown}
 c - 3 scrolls of teleportation {unknown}
 e - 8 scrolls of noise
 i - 2 scrolls of fear {unknown}
 j - 2 scrolls of identify
 k - a scroll of blinking
 p - 2 scrolls of vulnerability
 v - 2 scrolls of magic mapping {unknown}
 z - a scroll of silence {unknown}
 B - 2 scrolls of immolation {unknown}
Potions
 b - a potion of flight {unknown}
 d - 2 potions of haste {unknown}
 l - a potion of mutation {unknown}
 n - 3 potions of might
 u - a potion of berserk rage {unknown}


   Skills:
 * Level 9.6 Fighting
 + Level 11.5 Axes
 + Level 8.2 Armour
 * Level 7.2 Dodging
 * Level 5.3 Stealth
 * Level 2.5 Evocations


You had 9 spell levels left.
You didn't know any spells.
Your spell library was empty.

Dungeon Overview and Level Annotations

Branches:
Dungeon (9/15)             Temple (0/1) D:4            Lair (0/6) D:9
    Orc: D:9-12

Altars:
Ashenzari
Makhleb

Shops:
D:2 (   D:3 (


Innate Abilities, Weirdness & Mutations

You have a pair of horns on your head.
You reflexively headbutt those who attack you in melee.


Message History

The centaur shoots an arrow.
The arrow barely misses you. The boulder beetle bites you!
* * * LOW HITPOINT WARNING * * *
You hit the boulder beetle.
The boulder beetle is heavily wounded.
You hit the boulder beetle but do no damage.
The boulder beetle is heavily wounded.
The centaur shoots an arrow.
The arrow closely misses you. The boulder beetle closely misses you.
You slash the boulder beetle!
The boulder beetle is heavily wounded.
The centaur shoots an arrow.
The arrow hits you but does no damage. The boulder beetle bites you.
* * * LOW HITPOINT WARNING * * *
You hit the boulder beetle but do no damage.
You headbutt the boulder beetle!
The boulder beetle is severely wounded.
The boulder beetle bites you but does no damage.
You completely miss the boulder beetle.
The boulder beetle is severely wounded.
The centaur shoots an arrow.
The arrow hits you but does no damage.
You slice the boulder beetle!!
Your headbutt misses the boulder beetle.
The boulder beetle is almost dead.
The boulder beetle leaps!
The centaur shoots an arrow.
The arrow hits you.
* * * LOW HITPOINT WARNING * * *
The boulder beetle curls into a ball and begins rolling!
You are too injured to fight recklessly!
You are too injured to fight recklessly!
You are too injured to fight recklessly!
You feel a strong urge to attack something.
The centaur unwields a +0 shortbow.
The centaur barely misses you. x2
You slash the centaur!
The centaur is heavily wounded.
The centaur hits you but does no damage.
The centaur kicks you but does no damage.
You barely miss the centaur. Your headbutt misses the centaur.
The centaur is heavily wounded.
The centaur barely misses you. x2; The boulder beetle hits you!!!
You die...

#..### ... ##
##...## ##.... #
###..# ####......
### ####.###
#......... #..
#......# #.........
#.. #......#
#......... #..
#......####......P..
#..
#......##.'.........
....'..
#......##.#°@c...P..
...##..
#......#..#..B○.....
.. ###
#........######°°P..
. #......### ....
######## ... ##


You could see a boulder beetle (rolling) and a centaur.

Vanquished Creatures
  Harold (D:7)
  A centaur warrior (D:9)
  2 hornets (D:8)
  Grinder (D:5)
  Sigmund (D:6)
  6 yaks (D:8)
  4 steam dragons
  The ghost of ZoeForever1 the Shield-Bearer, an amateur HuFi (D:4)
  Edmund (D:6)
  A water moccasin (D:7)
  Duvessa (D:6)
  3 sky beasts
  2 ice beasts (D:7)
  2 orc warriors
  2 ogres
  A centaur (D:8)
  A phantom (D:5)
  Blork the orc (D:4)
  A bullfrog (D:8)
  A gnoll sergeant (D:8)
  2 scorpions (D:4)
  A water moccasin skeleton (D:5)
  Dowan (D:6)
  3 killer bees (D:8)
  3 wights (D:7)
  3 howler monkeys
  4 hounds
  2 centaur zombies (D:8)
  5 orc priests
  A bullfrog zombie (D:5)
  3 jellies
  An iguana (D:6)
  4 orc wizards
  A killer bee zombie (D:7)
  2 hound skeletons (D:5)
  12 adders
  3 gnolls (D:8)
  2 white imps (D:7)
  2 adder zombies (D:5)
  3 worms
  3 dart slugs
  21 orcs
  4 ball pythons
  6 bats
  7 endoplasms
  3 giant cockroaches
  8 hobgoblins
  5 kobolds
  3 quokkas
  5 frilled lizards
  6 goblins
  4 rats
167 creatures vanquished.

Vanquished Creatures (collateral kills)
  An orc priest (D:9)
  3 orcs (D:9)
4 creatures vanquished.

Vanquished Creatures (others)
  26 fungi
26 creatures vanquished.

Grand Total: 197 creatures vanquished

Notes
Turn   | Place    | Note
-------+----------+-------------------------------------------
     0 | D:1      | cbfl8 the Minotaur Berserker began the quest for the Orb.
     0 | D:1      | Reached XP level 1. HP: 19/19 MP: 0/0
   300 | D:1      | Reached XP level 2. HP: 24/27 MP: 1/1
   413 | D:1      | Reached skill level 4 in Axes
  1341 | D:2      | Reached ** piety under Trog
  1346 | D:2      | Reached XP level 3. HP: 29/33 MP: 2/2
  1387 | D:2      | Found Ithreolo's Antique Weapon Boutique.
  1731 | D:2      | Reached XP level 4. HP: 41/41 MP: 3/3
  2284 | D:3      | Found Yvexky's Antique Weapon Boutique.
  2334 | D:3      | Reached skill level 5 in Axes
  2408 | D:3      | Found a burning altar of Makhleb.
  2408 | D:3      | Identified the +0 helmet "Gioten" {Rampage Str+4 Int+4}
  2595 | D:3      | Identified the +0 robe of Hadyock {Dex+3}
  2926 | D:4      | Reached skill level 5 in Fighting
  2926 | D:4      | Reached XP level 5. HP: 47/48 MP: 4/4
  3153 | D:4      | Found a staircase to the Ecumenical Temple.
  3157 | D:4      | Reached skill level 1 in Stealth
  3212 | D:4      | Reached XP level 6. HP: 54/56 MP: 5/5
  3382 | D:4      | Identified the +11 spear "Gaorchame" {vorpal, rN+}
  3657 | D:4      | Found a runed translucent door.
  3664 | D:4      | Reached *** piety under Trog
  3669 | D:4      | Noticed ZoeForever1's ghost (amateur HuFi)
  3682 | D:4      | Killed ZoeForever1's ghost
  3683 | D:4      | Reached skill level 6 in Axes
  3940 | D:4      | Noticed Blork the orc
  3946 | D:4      | Killed Blork the orc
  3947 | D:4      | Reached XP level 7. HP: 59/62 MP: 6/6
  4129 | D:5      | Entered Level 5 of the Dungeon
  4453 | D:5      | Noticed Grinder
  4460 | D:5      | Paralysed by Grinder for 3 turns
  4464 | D:5      | Killed Grinder
  4465 | D:5      | Reached skill level 7 in Axes
  4575 | D:5      | Reached XP level 8. HP: 71/71 MP: 7/7
  4602 | D:5      | Reached skill level 5 in Armour
  5438 | D:6      | Reached skill level 8 in Axes
  5438 | D:6      | Reached skill level 5 in Dodging
  5439 | D:6      | Noticed Edmund
  5453 | D:6      | Killed Edmund
  5584 | D:6      | Noticed Sigmund
  5592 | D:6      | Killed Sigmund
  5953 | D:6      | Noticed Dowan
  5954 | D:6      | Noticed Duvessa
  5960 | D:6      | Killed Duvessa
  5967 | D:6      | Killed Dowan
  6090 | D:6      | Reached skill level 9 in Axes
  6090 | D:6      | Reached XP level 9. HP: 63/79 MP: 8/8
  7054 | D:7      | Noticed Harold
  7064 | D:7      | Killed Harold
  7065 | D:7      | Reached skill level 10 in Axes
  7206 | D:8      | Paralysed by a hornet for 2 turns
  7467 | D:8      | Reached XP level 10. HP: 87/90 MP: 9/9
  7468 | D:8      | Paralysed by a hornet for 2 turns
  7472 | D:8      | Paralysed by a hornet for 1 turns
  7475 | D:8      | Reached skill level 1 in Evocations
  7669 | D:8      | Reached **** piety under Trog
  7736 | D:8      | Reached skill level 11 in Axes
  7739 | D:8      | Reached skill level 5 in Stealth
  8506 | D:8      | Found a broken altar of Ashenzari.
  9372 | D:9      | Noticed a boulder beetle
  9387 | D:9      | Noticed a centaur warrior
  9400 | D:9      | Killed a centaur warrior
  9917 | D:9      | Found a staircase to the Lair.
 10109 | D:9      | Annihilated by a boulder beetle

Illustrated notes

Levels and vault maps discovered:
D:1:      dpeg_arrival_rooms_with_view, layout_basic, serial_curves,
          eino_curves_04, eino_curves_03, minmay_misc_feat_tower,
          minmay_pentomino_r2
D:2:      layout_basic, serial_shops, nicolae_shop_stone, minmay_surrounded
D:3:      layout_rooms, lemuel_doored_altar, serial_shops, shop
D:4:      layout_gridville, minmay_temple_entry_drinking_statues,
          ebering_ghost_sewer_d, uniq_blork_the_orc
D:5:      layout_layer_cave, chequers_serial_rivers_micro_a, grunt_ministairs_6,
          uniq_grinder
D:6:      layout_cave_pools, uniq_sigmund, uniq_edmund, uniq_duvessa
D:7:      layout_basic, uniq_harold
D:8:      layout_basic, mainiacjoe_overflow_chevrons, kennysheep_generic_room_4
D:9:      layout_roguey, mainiacjoe_overflow_cross_hatched, dpeg_oklobed_lair

Skill      XL: |  1  2  3  4  5  6  7  8  9 10 |
---------------+-------------------------------+-----
Fighting       | 4 5 6 7 8 9 |  9.6
Axes           | 4 5 6 7 9 10 11 | 11.5
Dodging        | 3 4 5 6 7 |  7.2
Armour         | 3 4 6 7 8 |  8.2
Stealth        | 1 2 3 4 5 |  5.3
Evocations     | 2 |  2.5

Action                   |  1- 3 |  4- 6 |  7- 9 | 10-12 || total
-------------------------+-------+-------+-------+-------++-------
Melee: Hand axe          |    82 |   101 |       |       ||   183
       Headbutt          |    14 |    26 |    33 |    18 ||    91
       Punch             |     1 |     1 |     1 |       ||     3
       War axe           |       |       |    86 |       ||    86
       Battleaxe         |       |       |    95 |   108 ||   203
Invok: Berserk           |       |     2 |     3 |     2 ||     7
       Trog's Hand       |       |       |     1 |     1 ||     2
  Use: Potion            |       |       |       |     5 ||     5
       Scroll            |       |       |       |     4 ||     4
Armor: Animal skin       |     5 |       |       |       ||     5
       Chain mail        |    28 |    41 |   128 |   107 ||   304
Dodge: Dodged            |    34 |    47 |    71 |    95 ||   247
